 Dungeon Sprint DCSS version 0.20-a0-1078-g4874019 (webtiles) character file.

437 Nobokod the Covert (level 7, -4/38 HPs)
             Began as a Vine Stalker Assassin on Apr 30, 2017.
             Was a Priest of Cheibriados.
             Slain by an eight-headed hydra (6 damage)
             ... in the Dungeon (Sprint IX: "|||||||||||||||||||||||||||||").
             The game lasted 00:01:13 (257 turns).

Nobokod the Covert (Vine Stalker Assassin)           Turns: 257, Time: 00:01:14

Health: -4/38      AC: 11    Str: 22    XL:     7   Next: 1%
Magic:  0/12       EV: 11    Int: 17    God:    Cheibriados [***...]
Gold:   0          SH:  0    Dex: 24    Spells: 6/6 levels left

rFire    . . .     SeeInvis .   q - +2 rapier (drain)
rCold    . . .     Gourm    .   (no shield)
rNeg     . . .     Faith    .   s - +1 chain mail
rPois    .         Spirit   +   (no helmet)
rElec    .         Reflect  .   d - +0 cloak
rCorr    .         Harm     .   r - +0 pair of gloves
MR       .....     NoTele   +   (no boots)
Stlth    ++........             (no amulet)
Regen    0.6/turn               t - +3 ring of strength
MPRegen  0.2/turn               u - +2 ring of evasion

@: very slightly contaminated, invisible, very slow
A: fangs 2, regeneration 1, magic shield, antimagic bite, no potion heal 3, rot
immunity
a: Bend Time, Temporal Distortion, Renounce Religion


You were in the Dungeon.
You worshipped Cheibriados.
Cheibriados was most pleased with you.
You were not hungry.

You visited 1 branch

Inventory:

Hand Weapons
 a - a +2 dagger
 b - a +0 blowgun
 q - a +2 rapier of draining (weapon)
Missiles
 e - 8 poisoned needles
 f - 2 curare-tipped needles
Armour
 d - a +0 cloak (worn)
 r - a +0 pair of gloves (worn)
 s - a +1 chain mail (worn)
Jewellery
 t - a +3 ring of strength (left hand)
 u - a +2 ring of evasion (right hand)
Wands
 p - a wand of acid (7/15)
Scrolls
 m - 2 scrolls of blinking
 n - 3 scrolls of remove curse
 o - 2 scrolls of amnesia
Potions
 h - 5 potions of curing
 i - 3 potions of heal wounds
 j - a potion of haste
 k - 4 potions of magic
Comestibles
 g - a bread ration


   Skills:
 + Level 4.5 Fighting
 * Level 9.0 Short Blades
 - Level 1.7 Throwing
 + Level 2.7 Dodging
 - Level 10.5 Stealth
 * Level 5.4 Invocations


You had 6 spell levels left.
You didn't know any spells.

Dungeon Overview and Level Annotations

Branches:
Dungeon (1/1)

Altars:
Cheibriados
Dithmenos
Elyvilon
Fedhas
Gozag
Hepliaklqana
Kikubaaqudgha
Makhleb
Nemelex Xobeh
Okawaru
Qazlal
Ru
Sif Muna
Trog
Uskayaw
Vehumet
Wu Jian
Xom
Yredelemnul
Zin
The Shining One
Beogh
Jiyva
Lugonu


Innate Abilities, Weirdness & Mutations

You have extremely sharp teeth.
Your natural rate of healing is unusually fast.
When hurt, damage is shared between your health and your magic reserves.
Your bite disrupts and absorbs the magic of your enemies.
Potions cannot restore your health.
You are immune to rotting.


Message History

The eight-headed hydra bites you but does no damage.
The eight-headed hydra bites you.
* * * LOW HITPOINT WARNING * * *
The eight-headed hydra closely misses you.
The eight-headed hydra misses you.
The eight-headed hydra bites you but does no damage.
The eight-headed hydra closely misses you.
The eight-headed hydra bites you.
* * * LOW HITPOINT WARNING * * *
You puncture the eight-headed hydra!
Your bite misses the eight-headed hydra.
The eight-headed hydra is heavily wounded.
Unknown command.
You puncture the eight-headed hydra! You bite the eight-headed hydra.
You drain its power.
You feel invigorated.
The eight-headed hydra is severely wounded.
The bullfrog releases a deep croak.
The eight-headed hydra bites you but does no damage.
The eight-headed hydra bites you!
You die... ▓▓▓▓▓▓▓▓▓▓▓▓▓▓▓▓▓▓▓▓▓▓▓▓ +.9JFYD@..)†.†'[..[.)|.. ▓▓▓▓▓▓▓▓▓▓▓▓▓▓▓▓▓▓▓▓▓▓▓▓

You could see an eight-headed hydra, a yak, a gargoyle, a bullfrog and a jelly.

Vanquished Creatures
  An ice beast (D)
  A bullfrog (D)
  A big kobold (D)
  2 scorpions (D)
  A hound (D)
  A jelly (D)
  A worker ant (D)
  An orc wizard (D)
  A shadow imp (D)
  A giant cockroach (D)
  A bat (D)
  A frilled lizard (D)
  A kobold (D)
  A leopard gecko skeleton (D)
  A quokka skeleton (D)
  A rat (D)
17 creatures vanquished.

Notes
Turn   | Place    | Note
-------+----------+-------------------------------------------
     0 | D        | Nobokod the Vine Stalker Assassin began the quest for the Orb.
     0 | D        | Reached XP level 1. HP: 11/11 MP: 2/2
     5 | D        | Reached skill level 5 in Stealth
     6 | D        | Banished a spatial maelstrom
    26 | D        | Noticed a hound
    26 | D        | Noticed an ice beast
    34 | D        | Killed an ice beast
    34 | D        | Reached skill level 1 in Dodging
    34 | D        | Reached skill level 9 in Stealth
    34 | D        | Reached XP level 2. HP: 16/16 MP: 3/3
    34 | D        | Reached XP level 3. HP: 20/20 MP: 4/4
    34 | D        | Gained mutation: Your natural rate of healing is unusually fast. [Vine Stalker growth]
    34 | D        | Reached XP level 4. HP: 24/24 MP: 5/5
    40 | D        | Reached skill level 10 in Stealth
    44 | D        | Reached skill level 5 in Short Blades
    44 | D        | Reached XP level 5. HP: 28/28 MP: 6/6
    48 | D        | Found a roughly hewn altar of Beogh.
    48 | D        | Found a snail-covered altar of Cheibriados.
    48 | D        | Found a shadowy altar of Dithmenos.
    48 | D        | Found a white marble altar of Elyvilon.
    48 | D        | Found a blossoming altar of Fedhas.
    48 | D        | Found an opulent altar of Gozag.
    49 | D        | Found a hazy altar of Hepliaklqana.
    50 | D        | Found a viscous altar of Jiyva.
    51 | D        | Found an ancient bone altar of Kikubaaqudgha.
    52 | D        | Became a worshipper of Cheibriados the Contemplative
    53 | D        | Found a corrupted altar of Lugonu.
    54 | D        | Found a burning altar of Makhleb.
    55 | D        | Found a sparkling altar of Nemelex Xobeh.
    56 | D        | Found an iron altar of Okawaru.
    57 | D        | Found a stormy altar of Qazlal.
    58 | D        | Found a sacrificial altar of Ru.
    59 | D        | Found a deep blue altar of Sif Muna.
    60 | D        | Found a bloodstained altar of Trog.
    61 | D        | Found a hide-covered altar of Uskayaw.
    62 | D        | Found a radiant altar of Vehumet.
    63 | D        | Found an ornate altar of the Wu Jian Council.
    64 | D        | Found a shimmering altar of Xom.
    65 | D        | Found a basalt altar of Yredelemnul.
    66 | D        | Found a glowing silver altar of Zin.
    67 | D        | Found a glowing golden altar of the Shining One.
   113 | D        | Noticed a big kobold
   115 | D        | Killed a big kobold
   118 | D        | Reached * piety under Cheibriados
   121 | D        | Reached XP level 6. HP: 33/33 MP: 7/10
   132 | D        | Reached ** piety under Cheibriados
   139 | D        | Reached skill level 5 in Invocations
   243 | D        | Noticed a gargoyle
   243 | D        | Noticed a yak
   243 | D        | Noticed an eight-headed hydra
   251 | D        | Reached *** piety under Cheibriados
   251 | D        | Reached XP level 7. HP: 38/38 MP: 10/12
   255 | D        | HP: 1/38 [eight-headed hydra (3)]
   257 | D        | Slain by an eight-headed hydra

Vault maps used:
D:        linesprint

Skill      XL: |  1  2  3  4  5  6 |
---------------+-------------------+-----
Stealth        | 9 10 | 10.5
Short Blades   | 4 5 7 9 |  9.0
Fighting       | 3 4 |  4.5
Dodging        | 1 2 |  2.7
Invocations    | 4 5 |  5.4
Throwing       | |  1.7

Action                   |  1- 3 |  4- 6 |  7- 9 || total
-------------------------+-------+-------+-------++-------
Melee: Dagger            |    18 |     8 |       ||    26
       Bite              |     2 |     9 |     3 ||    14
       Rapier            |       |    23 |     6 ||    29
  Use: Potion            |     1 |     1 |       ||     2
 Stab: Sleeping          |       |     2 |       ||     2
       Invisible         |       |     1 |       ||     1
Armor: Robe              |     5 |     2 |       ||     7
       Chain mail        |       |     6 |     6 ||    12
Dodge: Dodged            |     9 |    11 |    11 ||    31
